 Dungeon Crawl Stone Soup version 0.24.0-123-gd5b16e6ec5 (webtiles) character file.

Game seed: 13261498973908590810, levelgen mode: deterministic

291 ANON1729 the Sneak (level 6, 0/46 HPs)
             Began as a Vampire Assassin on Jan 5, 2020.
             Slain by an ogre
             ... wielding a +0 giant spiked club
              (39 damage)
             ... on level 4 of the Dungeon.
             The game lasted 00:04:16 (3274 turns).

ANON1729 the Sneak (Vampire Assassin)               Turns: 3274, Time: 00:04:16

Health: 0/46       AC:  3    Str: 10    XL:     6   Next: 10%
Magic:  6/6        EV: 13    Int: 14    God:
Gold:   159        SH:  0    Dex: 17    Spells: 5/5 levels left

rFire    . . .     SeeInvis +   x - +0 rapier
rCold    . . .     Gourm    .   (no shield)
rNeg     . . .     Faith    .   b - +0 robe
rPois    .         Spirit   .   (no helmet)
rElec    .         Reflect  .   c - +0 cloak
rCorr    .         Harm     +   (no gloves)
MR       .....                  (no boots)
Stlth    ++++......             w - amulet of harm
HPRegen  0.35/turn              q - ring of wizardry
MPRegen  0.10/turn              g - ring of flight

@: regenerating quickly
A: no food, fangs 3, see invisible, unbreathing
a: Exsanguinate, Evoke Flight


You were on level 4 of the Dungeon.
You were alive.

You visited 1 branch of the dungeon, and saw 4 of its levels.

You collected 159 gold pieces.

Inventory:

Hand Weapons
 a - a +2 dagger
 x - a +0 rapier (weapon)
Missiles
 d - 21 poisoned darts (quivered)
 e - 2 curare-tipped darts
Armour
 b - a +0 robe (worn)
 c - a +0 cloak (worn)
Jewellery
 g - a ring of flight (right hand)
 q - a ring of wizardry (left hand)
 w - an amulet of harm (around neck)
Scrolls
 f - a scroll of fear {unknown}
 i - 4 scrolls of identify
 j - a scroll of blinking {unknown}
 l - 3 scrolls of remove curse
 m - a scroll of enchant armour {unknown}
 r - a scroll of immolation {unknown}
 t - a scroll of magic mapping {unknown}
 u - a scroll of noise {unknown}
 y - a scroll of teleportation {unknown}
Potions
 h - a potion of mutation {unknown}
 k - 5 potions of curing
 n - 2 potions of might {unknown}
 o - 2 potions of berserk rage {unknown}
 p - 2 potions of flight
 s - a potion of degeneration {unknown}
 v - a potion of cancellation {unknown}
 z - a potion of ambrosia {unknown}
 A - 3 potions of haste {unknown}


   Skills:
 + Level 2.8 Fighting
 * Level 4.2 Short Blades
 + Level 2.5 Throwing
 + Level 3.0 Dodging
 + Level 7.1 Stealth


You had 5 spell levels left.
You didn't know any spells.
Your spell library contained the following spells:

 Spells                   Type           Power        Failure   Level  Hunger
 Magic Dart               Conj           #...         12%         1    N/A
 Blink                    Tloc           N/A          17%         2    N/A
 Call Imp                 Summ           #.......     17%         2    N/A
 Slow                     Hex            #.......     17%         2    N/A
 Conjure Flame            Conj/Fire      #.......     32%         3    N/A
 Mephitic Cloud           Conj/Pois/Air  #.......     32%         3    N/A

Dungeon Overview and Level Annotations

Branches:
Dungeon (4/15)
 Temple: D:4-7

Altars:
Qazlal
Wu Jian


Innate Abilities, Weirdness & Mutations

You do not eat.
Your natural rate of healing is unusually fast.
You have razor-sharp teeth.
You have supernaturally acute eyesight. (SInv)
You can survive without breathing.


Message History

The ogre is lightly wounded.
The ogre completely misses you.
You barely miss the ogre.
The ogre is lightly wounded.
You barely miss the ogre.
The ogre is lightly wounded.
The ogre barely misses you.
You hit the ogre. You bite the ogre.
The ogre is moderately wounded.
The ogre hits you with a +0 giant spiked club!
You hit the ogre. Your bite misses the ogre.
The ogre is heavily wounded.
You hit the ogre but do no damage.
The ogre is heavily wounded.
The ogre closely misses you.
You hit the ogre. You bite the ogre.
The ogre is heavily wounded.
The ogre hits you with a +0 giant spiked club!!
Ouch! That really hurt!
You die...

##....# ..
####..####
##....##
##.....##
#$......#
#.......#
####.......###.
...............
.###...@.......
#...O.......
#.......$...
##.....###..
##...## ..
##.## #.# #..


You could see an ogre.

Vanquished Creatures
  A howler monkey (D:4)
  A bullfrog skeleton (D:4)
  An orc wizard (D:4)
  3 worker ants
  3 adders
  An ooze (D:1)
  2 worms
  A dart slug (D:1)
  11 orcs
  2 giant cockroaches
  6 goblins
  11 hobgoblins
  7 jackals (D:3)
  5 kobolds (D:2)
  2 quokkas
  A ball python (D:2)
  6 bats
  5 frilled lizards
  6 rats
75 creatures vanquished.

Notes
Turn   | Place    | Note
-------+----------+-------------------------------------------
     0 | D:1      | ANON1729 the Vampire Assassin began the quest for the Orb.
     0 | D:1      | Reached XP level 1. HP: 16/16 MP: 1/1
    99 | D:1      | Reached skill level 6 in Stealth
   138 | D:1      | Reached XP level 2. HP: 20/22 MP: 2/2
   785 | D:2      | Reached XP level 3. HP: 27/27 MP: 3/3
  1087 | D:2      | Found an ornate altar of the Wu Jian Council.
  1211 | D:2      | Reached XP level 4. HP: 28/33 MP: 4/4
  1316 | D:2      | Found a stormy altar of Qazlal.
  2488 | D:3      | Reached XP level 5. HP: 6/39 MP: 5/5
  2982 | D:4      | Reached skill level 7 in Stealth
  3158 | D:4      | Reached XP level 6. HP: 27/46 MP: 6/6
  3274 | D:4      | Slain by an ogre

Levels and vault maps discovered:
D:1:      dpeg_arrival_yet_another_circle, layout_basic, hex_intersection,
          chequers_decorated_corner
D:2:      layout_basic, nicolae_overflow_hidden_temple, first_ration,
          nicolae_qazlal_eye_of_the_storm
D:3:      layout_loops_corners
D:4:      layout_rooms, minmay_unequal, uniq_ijyb, uniq_pikel

Skill      XL: |  1  2  3  4  5 |
---------------+----------------+-----
Stealth        | 6 7 |  7.1
Fighting       | 2 |  2.8
Throwing       | 2 |  2.5
Dodging        | 2 3 |  3.0
Short Blades   | 3 4 |  4.2

Action                   |  1- 3 |  4- 6 || total
-------------------------+-------+-------++-------
Melee: Dagger            |   124 |    22 ||   146
       Bite              |    17 |    20 ||    37
       Rapier            |       |   133 ||   133
  Use: Scroll            |       |     3 ||     3
 Stab: Sleeping          |     9 |     7 ||    16
Armor: Robe              |    16 |    32 ||    48
Dodge: Dodged            |    56 |   125 ||   181
